 Dungeon Crawl Stone Soup version 0.21-a0-163-g3aa3f5d (webtiles) character file.

65 namelastname112 the Chopper (level 3, 0/36 HPs)
             Began as a Draconian Wanderer on Aug 5, 2017.
             Slain by a bat (1 damage)
             ... on level 3 of the Dungeon.
             The game lasted 00:02:23 (1220 turns).

namelastname112 the Chopper (Draconian Wanderer)    Turns: 1220, Time: 00:02:23

Health: 0/36       AC:  6    Str: 16    XL:     3   Next: 92%
Magic:  3/3        EV: 12    Int: 18    God:
Gold:   40         SH:  0    Dex: 10    Spells: 2/2 levels left

rFire    + . .     SeeInvis .   a - +2 hand axe
rCold    + . .     Gourm    .   (no shield)
rNeg     . . .     Faith    .   (armour unavailable)
rPois    +         Spirit   .   (helmet restricted)
rElec    +         Reflect  .   (no cloak)
rCorr    +         Harm     .   (no gloves)
MR       .....     Rnd*Rage +   d - +0 pair of boots
Stlth    +.........             (no amulet)
HPRegen  0.12/turn              g - -3 ring of strength (curse)
MPRegen  0.08/turn              (no ring)

@: mighty, brilliant, lethally poisoned (0 -> -1), resistant
A: unfitting armour, horns 1, talons 1, berserk 1, robust 1, cold-blooded, AC +5
a: no special abilities


You were on level 3 of the Dungeon.
You were not hungry.

You visited 1 branch of the dungeon, and saw 3 of its levels.

You collected 40 gold pieces.

Inventory:

Hand Weapons
 a - a +2 hand axe (weapon)
Armour
 d - a +0 pair of boots (worn)
Jewellery
 g - a cursed -3 ring of strength (left hand)
Scrolls
 b - 7 scrolls of teleportation
 e - 3 scrolls of identify {unknown}
 i - 4 scrolls of recharging {unknown}
 j - a scroll of fog {unknown}
 m - a scroll of random uselessness {unknown}
 n - a scroll of noise {unknown}
Comestibles
 c - a bread ration
 f - 2 fruits
 l - a meat ration


   Skills:
 + Level 3.8 Fighting
 * Level 4.0(4.2) Axes
   Level 2.0(3.2) Maces & Flails
 + Level 1.4 Dodging
   Level 1.0 Shields
   Level 1.0 Evocations


You had 2 spell levels left.
You didn't know any spells.

Dungeon Overview and Level Annotations

Branches:
Dungeon (3/15)

Altars:
Okawaru

Annotations:
D:2 Sigmund


Innate Abilities, Weirdness & Mutations

Your plain brown scales are hard. (AC +5)
You cannot fit into any form of body armour.
You are cold-blooded and may be slowed by cold attacks.
You have a pair of small horns on your head.
You have sharp toenails.
You tend to lose your temper in combat.
You are robust. (+10% HP)


Message History

* * * LOW HITPOINT WARNING * * *
You feel sick. The bat hits you but does no damage.
The adder barely misses you.
You take 1 damage, and have 1/36 hp.
It was a potion of brilliance.
You feel clever all of a sudden. The bat barely misses you.
The bat closely misses you. The adder barely misses you.
It was a potion of might.
You feel very mighty all of a sudden. The bat hits you but does no damage.
The adder barely misses you.
You feel less confused. The bat hits you but does no damage.
The adder closely misses you.
* * * LOW HITPOINT WARNING * * *
You feel sick. The bat hits you but does no damage.
You take 1 damage, and have 1/36 hp.
You slash the adder!
The adder is severely wounded.
You miss the bat. The bat hits you.
You die...

### ..#
#.#######
#.......#
#.......#
.#.###<......#
.......bS.....#
#.......@.....#
#...#.#.......#
......#.......#
#..$#.##.######
..... ..# ## #
###


You could see an adder and a bat.

Vanquished Creatures
  A gnoll (D:2)
  An ooze (D:2)
  2 dart slugs (D:1)
  3 leopard geckos
  4 orcs
  A giant cockroach (D:1)
  7 goblins
  6 hobgoblins
  3 jackals (D:1)
  A quokka (D:2)
  2 ball pythons (D:2)
  A bat (D:2)
  A kobold (D:1)
  4 rats (D:1)
37 creatures vanquished.

Notes
Turn   | Place    | Note
-------+----------+-------------------------------------------
     0 | D:1      | namelastname112 the Draconian Wanderer began the quest for the Orb.
     0 | D:1      | namelastname112 set off with: a +2 hand axe, 2 scrolls of teleportation, a bread ration
     0 | D:1      | Reached XP level 1. HP: 19/19 MP: 1/1
   151 | D:1      | Reached XP level 2. HP: 26/26 MP: 2/2
   182 | D:1      | Reached skill level 1 in Dodging
   467 | D:1      | Reached XP level 3. HP: 18/31 MP: 3/3
   554 | D:2      | Noticed Sigmund
   773 | D:2      | Found an iron altar of Okawaru.
  1065 | D:2      | Reached skill level 4 in Axes
  1214 | D:3      | Gained mutation: You have a pair of small horns on your head. [potion of mutation]
  1214 | D:3      | Gained mutation: You have sharp toenails. [potion of mutation]
  1214 | D:3      | Gained mutation: You tend to lose your temper in combat. [potion of mutation]
  1214 | D:3      | Gained mutation: You are robust. (+10% HP) [potion of mutation]
  1215 | D:3      | HP: 1/36 [poisoned by an adder]
  1220 | D:3      | Slain by a bat

Vault maps used:
D:1:      dpeg_arrival_orchard
D:2:      okawaru_altar_gauntlet_db, uniq_sigmund

Skill      XL: |  1  2  3 |
---------------+----------+-----
Dodging        | 1 |  1.4
Axes           | 4 |  4.0
Fighting       | |  3.8
Maces & Flails | |  2.0
Shields        | |  1.0
Evocations     | |  1.0

Action                   || total
-------------------------++-------
Melee: Hand axe          ||    92
       Tailslap          ||     7
  Use: Potion            ||     4
  Eat: Chunk             ||     1
Armor: Skin              ||    24
Dodge: Dodged            ||    76
